| TOP OF THE 1ST |
|
Ogden Spikes batting - Pitching for Idaho Falls Spuds : RHP Mark Humphrey
|
|
Pitching: RHP Mark Humphrey
|
|
|
Batting: RHB Craig Landis
|
0-0: Called Strike 0-1: Ball 1-1: Ball 2-1: Fly out, F9 (Flyball, 9S)
|
|
Batting: LHB Leon Durham
|
0-0: Called Strike 0-1: Fly out, F6 (Popup, P)
|
|
Batting: LHB Mike Scioscia
|
0-0: Foul Ball, location: 2F 0-1: Ball 1-1: SOLO HOME RUN (Flyball, 9LD), Distance : 332 ft
|
|
Batting: LHB Sal Rende
|
0-0: Foul Ball, location: 2F 0-1: Reached on error, E4 (Groundball, 4)
|
|
Batting: RHB Dennis Littlejohn
|
0-0: Ball 1-0: Ball 2-0: Reached on error, E6 (Groundball, 6) Sal Rende to second
|
|
Batting: LHB Andres Romero
|
0-0: Foul Ball, location: 2F 0-1: Foul Ball, location: 2F 0-2: Ball 1-2: SINGLE (Flyball, 8LS) Sal Rende to third Dennis Littlejohn to second
|
|
Batting: RHB Gary Bozich
|
0-0: Ball 1-0: Called Strike 1-1: Ball 2-1: Fly out, F5 (Popup, 5SF)
|
| Top of the 1st over - 1 run, 2 hits, 2 errors, 3 left on base; Ogden 1 - Idaho Falls 0 |
| BOTTOM OF THE 1ST |
|
Idaho Falls Spuds batting - Pitching for Ogden Spikes : LHP Gregory Eastin
|
|
Pitching: LHP Gregory Eastin
|
|
|
Batting: RHB Tony Walker
|
0-0: Ball 1-0: Called Strike 1-1: Swinging Strike 1-2: Foul Ball, location: 2F 1-2: Ball 2-2: Ground out 6-3 (Groundball, 56)
|
|
Batting: RHB Jeff Bertoni
|
0-0: Called Strike 0-1: Ball 1-1: Called Strike 1-2: Strikes out looking
|
|
Batting: RHB Mike Bishop
|
0-0: Ball 1-0: Ball 2-0: Ground out 3-1 (Groundball, 34)
|
| Bottom of the 1st over - 0 runs, 0 hits, 0 errors, 0 left on base; Ogden 1 - Idaho Falls 0 |
| TOP OF THE 2ND |
|
Ogden Spikes batting - Pitching for Idaho Falls Spuds : RHP Mark Humphrey
|
|
Batting: RHB George Goodrich
|
0-0: Called Strike 0-1: Fly out, F3 (Popup, 3F)
|
|
Batting: RHB Kalvin Adams
|
0-0: Ball 1-0: Ball 2-0: Called Strike 2-1: SINGLE (Line Drive, 9S)
|
|
Batting: RHB Craig Landis
|
0-0: Fly out, F9 (Flyball, 89D)
|
|
Batting: LHB Leon Durham
|
0-0: Ground out 4-3 (Groundball, 34)
|
| Top of the 2nd over - 0 runs, 1 hit, 0 errors, 1 left on base; Ogden 1 - Idaho Falls 0 |
| BOTTOM OF THE 2ND |
|
Idaho Falls Spuds batting - Pitching for Ogden Spikes : LHP Gregory Eastin
|
|
Batting: LHB Joe DeSa
|
0-0: Ball 1-0: Foul Ball, location: 2F 1-1: Called Strike 1-2: Foul Ball, location: 2F 1-2: Foul Ball, location: 2F 1-2: Foul Ball, location: 2F 1-2: Ball 2-2: Foul Ball, location: 2F 2-2: Ball 3-2: Ground out U3 (Groundball, 3)
|
|
Batting: LHB Gary Bishop
|
0-0: Ball 1-0: Ground out U3 (Groundball, 3)
|
|
Batting: LHB Bill Kuchar
|
0-0: Called Strike 0-1: Bunted foul 0-2: Ball 1-2: Ball 2-2: Ball 3-2: Base on Balls
|
|
Batting: RHB Carlos Lezcano
|
0-0: Called Strike 0-1: Ball 1-1: Ball 2-1: Ball 3-1: Ground out 4-3 (Groundball, 4D)
|
| Bottom of the 2nd over - 0 runs, 0 hits, 0 errors, 1 left on base; Ogden 1 - Idaho Falls 0 |
| TOP OF THE 3RD |
|
Ogden Spikes batting - Pitching for Idaho Falls Spuds : RHP Mark Humphrey
|
|
Batting: LHB Mike Scioscia
|
0-0: Called Strike 0-1: Ball 1-1: DOUBLE (Groundball, 3L)
|
|
Batting: LHB Sal Rende
|
0-0: Ball 1-0: Foul Ball, location: 2F 1-1: Ball 2-1: Ground out 4-3 (Groundball, 4) Mike Scioscia to third
|
|
Batting: RHB Dennis Littlejohn
|
0-0: Ball 1-0: Ball 2-0: Called Strike 2-1: Fly out, F7 (Flyball, 7D) Runner from 3rd tags up, SCORES, throw by LF
|
|
Batting: LHB Andres Romero
|
0-0: Ball 1-0: Ball 2-0: Ball 3-0: Called Strike 3-1: Called Strike 3-2: Base on Balls
|
|
Batting: RHB Gary Bozich
|
0-0: Ball 1-0: Fly out, F9 (Flyball, 89D)
|
| Top of the 3rd over - 1 run, 1 hit, 0 errors, 1 left on base; Ogden 2 - Idaho Falls 0 |
| BOTTOM OF THE 3RD |
|
Idaho Falls Spuds batting - Pitching for Ogden Spikes : LHP Gregory Eastin
|
|
Batting: RHB James Poff
|
0-0: Ball 1-0: Swinging Strike 1-1: Ball 2-1: Ball 3-1: Foul Ball, location: 2F 3-2: Fly out, F3 (Popup, 3SF)
|
|
Batting: LHB Culpepper Smith
|
0-0: Called Strike 0-1: Ball 1-1: Swinging Strike 1-2: Strikes out looking
|
|
Batting: RHB Tony Walker
|
0-0: Foul Ball, location: 2F 0-1: Swinging Strike 0-2: Ball 1-2: Ball 2-2: Ball 3-2: Ground out 6-3 (Groundball, 6M)
|
| Bottom of the 3rd over - 0 runs, 0 hits, 0 errors, 0 left on base; Ogden 2 - Idaho Falls 0 |
| TOP OF THE 4TH |
|
Ogden Spikes batting - Pitching for Idaho Falls Spuds : RHP Mark Humphrey
|
|
Batting: RHB George Goodrich
|
0-0: Swinging Strike 0-1: Ball 1-1: Ground out 6-3 (Groundball, 6MS)
|
|
Batting: RHB Kalvin Adams
|
0-0: Ball 1-0: Fly out, F3 (Popup, 34)
|
|
Batting: RHB Craig Landis
|
0-0: Swinging Strike 0-1: Fly out, F8 (Line Drive, 8RD)
|
| Top of the 4th over - 0 runs, 0 hits, 0 errors, 0 left on base; Ogden 2 - Idaho Falls 0 |
| BOTTOM OF THE 4TH |
|
Idaho Falls Spuds batting - Pitching for Ogden Spikes : LHP Gregory Eastin
|
|
Batting: RHB Jeff Bertoni
|
0-0: Ball 1-0: Called Strike 1-1: Ball 2-1: Foul Ball, location: 2F 2-2: Fly out, F7 (Flyball, 7)
|
|
Batting: RHB Mike Bishop
|
0-0: SINGLE (Groundball, 4MD)
|
|
Batting: LHB Joe DeSa
|
0-0: Ball 1-0: Fly out, F5 (Popup, 5F)
|
|
Batting: LHB Gary Bishop
|
0-0: Ball 1-0: Ball 2-0: Foul Ball, location: 2F 2-1: Ball 3-1: Base on Balls Mike Bishop to second
|
|
Batting: LHB Bill Kuchar
|
0-0: Called Strike 0-1: Ball 1-1: Ball 2-1: Ball 3-1: Base on Balls Mike Bishop to third Gary Bishop to second
|
|
Batting: RHB Carlos Lezcano
|
0-0: Ball 1-0: Ball 2-0: Ball 3-0: Base on Balls Mike Bishop scores Gary Bishop to third Bill Kuchar to second
|
|
Batting: RHB James Poff
|
0-0: Foul Ball, location: 2F 0-1: Called Strike 0-2: Fly out, F4 (Popup, 4D)
|
| Bottom of the 4th over - 1 run, 1 hit, 0 errors, 3 left on base; Ogden 2 - Idaho Falls 1 |
| TOP OF THE 5TH |
|
Ogden Spikes batting - Pitching for Idaho Falls Spuds : RHP Mark Humphrey
|
|
Batting: LHB Leon Durham
|
0-0: Fly out, F8 (Line Drive, 8LM)
|
|
Batting: LHB Mike Scioscia
|
0-0: Called Strike 0-1: Swinging Strike 0-2: Fly out, F8 (Flyball, 8RS)
|
|
Batting: LHB Sal Rende
|
0-0: Foul Ball, location: 2F 0-1: Ball 1-1: Foul Ball, location: 2F 1-2: Ball 2-2: Fly out, F8 (Flyball, 8RD)
|
| Top of the 5th over - 0 runs, 0 hits, 0 errors, 0 left on base; Ogden 2 - Idaho Falls 1 |
| BOTTOM OF THE 5TH |
|
Idaho Falls Spuds batting - Pitching for Ogden Spikes : LHP Gregory Eastin
|
|
Batting: LHB Culpepper Smith
|
0-0: Called Strike 0-1: Ball 1-1: Bunt missed! 1-2: Strikes out swinging
|
|
Batting: RHB Tony Walker
|
0-0: Foul Ball, location: 2F 0-1: Fly out, F8 (Flyball, 8LD)
|
|
Batting: RHB Jeff Bertoni
|
0-0: Reached on error, E5 (Groundball, 5S)
|
|
Batting: RHB Mike Bishop
|
0-0: Foul Ball, location: 2F 0-1: Called Strike 0-2: Foul Ball, location: 2F 0-2: Foul Ball, location: 2F 0-2: Ball 1-2: Ball 2-2: Foul Ball, location: 2F 2-2: Foul Ball, location: 2F 2-2: Ball 3-2: SINGLE (Groundball, 6) (infield hit) Jeff Bertoni to third
|
|
Batting: LHB Joe DeSa
|
0-0: Ball 1-0: Ground out 4-3 (Groundball, 4)
|
| Bottom of the 5th over - 0 runs, 1 hit, 1 error, 2 left on base; Ogden 2 - Idaho Falls 1 |
| TOP OF THE 6TH |
|
Ogden Spikes batting - Pitching for Idaho Falls Spuds : RHP Mark Humphrey
|
|
Batting: RHB Dennis Littlejohn
|
0-0: Ball 1-0: Called Strike 1-1: Ball 2-1: Ball 3-1: Fly out, F7 (Flyball, 78S)
|
|
Batting: LHB Andres Romero
|
0-0: Called Strike 0-1: Ball 1-1: Called Strike 1-2: Ground out 1-3 (Groundball, 34S)
|
|
Batting: RHB Gary Bozich
|
0-0: Called Strike 0-1: Swinging Strike 0-2: Foul Ball, location: 2F 0-2: Ball 1-2: Foul Ball, location: 2F 1-2: Strikes out swinging
|
| Top of the 6th over - 0 runs, 0 hits, 0 errors, 0 left on base; Ogden 2 - Idaho Falls 1 |
| BOTTOM OF THE 6TH |
|
Idaho Falls Spuds batting - Pitching for Ogden Spikes : LHP Gregory Eastin
|
|
Batting: LHB Gary Bishop
|
0-0: Swinging Strike 0-1: Called Strike 0-2: Foul Ball, location: 2F 0-2: Ball 1-2: Ball 2-2: Fly out, F9 (Flyball, 9S)
|
|
Batting: LHB Bill Kuchar
|
0-0: Ball 1-0: Ball 2-0: Foul Ball, location: 2F 2-1: Ball 3-1: Called Strike 3-2: Base on Balls
|
|
Batting: RHB Carlos Lezcano
|
0-0: Ball 1-0: Ball 2-0: Fly out, F5 (Popup, 5S)
|
|
Batting: RHB James Poff
|
0-0: Ball 1-0: Swinging Strike 1-1: Ball 2-1: Foul Ball, location: 2F 2-2: SINGLE (Groundball, 4MD) Bill Kuchar to second
|
|
Batting: LHB Culpepper Smith
|
0-0: Ball 1-0: Called Strike 1-1: Fly out, F7 (Flyball, 7LMF)
|
| Bottom of the 6th over - 0 runs, 1 hit, 0 errors, 2 left on base; Ogden 2 - Idaho Falls 1 |
| TOP OF THE 7TH |
|
Ogden Spikes batting - Pitching for Idaho Falls Spuds : RHP Mark Humphrey
|
|
Batting: RHB George Goodrich
|
0-0: Ball 1-0: Ball 2-0: Foul Ball, location: 2F 2-1: Ball 3-1: Base on Balls
|
|
Batting: RHB Kalvin Adams
|
0-0: Ball 1-0: Called Strike 1-1: Bunted foul 1-2: Fly out, F7 (Flyball, 7LS)
|
|
Batting: RHB Craig Landis
|
0-0: Ball 1-0: Foul Ball, location: 2F 1-1: Ball George Goodrich steals 2nd base 2-1: Ground out 4-3 (Groundball, 4S) George Goodrich to third
|
|
Batting: LHB Leon Durham
|
0-0: Ball 1-0: Foul Ball, location: 2F 1-1: Foul Ball, location: 2F 1-2: Ball 2-2: Ground out 4-3 (Groundball, 4)
|
| Top of the 7th over - 0 runs, 0 hits, 0 errors, 1 left on base; Ogden 2 - Idaho Falls 1 |
| BOTTOM OF THE 7TH |
|
Idaho Falls Spuds batting - Pitching for Ogden Spikes : LHP Gregory Eastin
|
|
Batting: RHB Tony Walker
|
0-0: Ball 1-0: Ball 2-0: Called Strike 2-1: Called Strike 2-2: Ball 3-2: Foul Ball, location: 2F 3-2: Foul Ball, location: 2F 3-2: SINGLE (Groundball, 56D)
|
|
Batting: RHB Jeff Bertoni
|
0-0: Foul Ball, location: 2F 0-1: Swinging Strike 0-2: Foul Ball, location: 2F 0-2: Ball 1-2: Fly out, F8 (Line Drive, 8RD)
|
|
Batting: RHB Mike Bishop
|
0-0: Ball 1-0: Swinging Strike 1-1: Ball 2-1: Ball 3-1: Fly out, F8 (Flyball, 8RM)
|
|
Pinch Hitting: RHB James Barbe
|
0-0: Ball 1-0: Ball 2-0: Ball 3-0: Base on Balls Tony Walker to second
|
|
Pinch Hitting: RHB Joe Pittman
|
0-0: Foul Ball, location: 2F 0-1: Ball 1-1: Fly out, F8 (Flyball, 8RD)
|
| Bottom of the 7th over - 0 runs, 1 hit, 0 errors, 2 left on base; Ogden 2 - Idaho Falls 1 |
| TOP OF THE 8TH |
|
Ogden Spikes batting - Pitching for Idaho Falls Spuds : RHP Mark Humphrey
|
|
Now at 1B: James Barbe
|
|
|
Now in LF: Joe Pittman
|
|
|
Batting: LHB Mike Scioscia
|
0-0: SINGLE (Line Drive, 6D)
|
|
Batting: LHB Sal Rende
|
0-0: Ball 1-0: Foul Ball, location: 2F 1-1: Ball 2-1: DOUBLE (Line Drive, 9LM) Mike Scioscia to third Runner from 3rd tries for Home, SAFE, no throw by RF
|
|
Batting: RHB Dennis Littlejohn
|
0-0: Called Strike 0-1: DOUBLE (Line Drive, 89D) Sal Rende scores
|
|
Batting: LHB Andres Romero
|
0-0: Intentional Walk
|
|
Batting: RHB Gary Bozich
|
0-0: Called Strike 0-1: Bunt missed! 0-2: Ball 1-2: Ball Wild Pitch! Dennis Littlejohn to third Andres Romero to second 2-2: SINGLE (Groundball, 6MD) Dennis Littlejohn scores Andres Romero to third Runner from 3rd tries for Home, SAFE, throw by CF to home Gary Bozich to second
|
|
Pitching: RHP Doug Radice
|
|
|
Batting: RHB George Goodrich
|
0-0: Swinging Strike 0-1: Foul Ball, location: 2F 0-2: Strikes out swinging
|
|
Batting: RHB Kalvin Adams
|
0-0: Ball 1-0: SINGLE (Groundball, 6MD) Gary Bozich to third Runner from 3rd tries for Home, SAFE, no throw by CF
|
|
Batting: RHB Craig Landis
|
0-0: Ball 1-0: Called Strike 1-1: Ground out 4-3 (Groundball, 34) Kalvin Adams to second
|
|
Batting: LHB Leon Durham
|
0-0: Called Strike 0-1: Called Strike 0-2: Ball 1-2: Foul Ball, location: 2F 1-2: Ground out 4-3 (Groundball, 4)
|
| Top of the 8th over - 5 runs, 5 hits, 0 errors, 1 left on base; Ogden 7 - Idaho Falls 1 |
| BOTTOM OF THE 8TH |
|
Idaho Falls Spuds batting - Pitching for Ogden Spikes : LHP Gregory Eastin
|
|
Now at 3B: James Dyer
|
|
|
Batting: LHB Bill Kuchar
|
0-0: Called Strike 0-1: SINGLE (Groundball, 56D)
|
|
Batting: RHB Carlos Lezcano
|
0-0: DOUBLE (Flyball, 8RXD) Bill Kuchar to third
|
|
Batting: RHB James Poff
|
0-0: Ball 1-0: Ball 2-0: Foul Ball, location: 2F 2-1: Foul Ball, location: 2F 2-2: Foul Ball, location: 2F 2-2: Foul Ball, location: 2F 2-2: Foul Ball, location: 2F 2-2: Foul Ball, location: 2F 2-2: Ball 3-2: Foul Ball, location: 2F 3-2: SINGLE (Groundball, 56D) Bill Kuchar scores Carlos Lezcano to third
|
|
Pitching: RHP Luis Mendoza
|
|
|
Batting: LHB Culpepper Smith
|
0-0: Ball 1-0: SINGLE (Flyball, 8LS) Carlos Lezcano scores James Poff to second
|
|
Batting: RHB Tony Walker
|
0-0: Called Strike 0-1: Foul Ball, location: 2F 0-2: Ball 1-2: Ball 2-2: Ball 3-2: Base on Balls James Poff to third Culpepper Smith to second
|
|
Batting: RHB Jeff Bertoni
|
0-0: Ball Wild Pitch! James Poff scores Culpepper Smith to third Tony Walker to second 1-0: Called Strike 1-1: Swinging Strike 1-2: DOUBLE (Line Drive, 89XD) Culpepper Smith scores Tony Walker scores
|
|
Batting: RHB Mike Bishop
|
0-0: Foul Ball, location: 2F 0-1: 2-RUN HOME RUN (Flyball, 7D), Distance : 365 ft
|
|
Batting: RHB James Barbe
|
0-0: Called Strike 0-1: Ground out 6-3 (Groundball, 4MS)
|
|
Batting: RHB Joe Pittman
|
0-0: SINGLE (Groundball, 4D)
|
|
Batting: LHB Bill Kuchar
|
0-0: Fly out, F8 (Line Drive, 8RM)
|
|
Batting: RHB Carlos Lezcano
|
0-0: Ball 1-0: Ball 2-0: Fielders Choice at 2nd, 6-4 (Groundball, 56)
|
| Bottom of the 8th over - 7 runs, 7 hits, 0 errors, 1 left on base; Ogden 7 - Idaho Falls 8 |
| TOP OF THE 9TH |
|
Ogden Spikes batting - Pitching for Idaho Falls Spuds : RHP Doug Radice
|
|
Pitching: LHP Joe McDonald
|
|
|
Now at SS: Mark Obal
|
|
|
Batting: LHB Mike Scioscia
|
0-0: Swinging Strike 0-1: Ball 1-1: SINGLE (Line Drive, 6M)
|
|
Batting: LHB Sal Rende
|
0-0: Foul Ball, location: 2F 0-1: Foul Ball, location: 2F 0-2: Ball 1-2: SINGLE (Groundball, 5D) Mike Scioscia to second
|
|
Pinch Runner at 2nd Phil Stephens:
|
|
|
Batting: RHB Dennis Littlejohn
|
0-0: Ball 1-0: Ball 2-0: Ball 3-0: Base on Balls Phil Stephens to third Sal Rende to second
|
|
Pinch Hitting: RHB Juan Espino
|
0-0: Ball 1-0: Foul Ball, location: 2F 1-1: Fly out, F9 (Line Drive, 9D) Runner from 3rd tags up, SCORES, no throw by RF
|
|
Pinch Runner at 2nd Anthony Nicely:
|
|
|
Batting: RHB Gary Bozich
|
0-0: Ball 1-0: Ball 2-0: Foul Ball, location: 2F 2-1: Reached on error, E5 (Groundball, 56) Anthony Nicely to third Dennis Littlejohn to second
|
|
Batting: RHB George Goodrich
|
0-0: Called Strike 0-1: Ball 1-1: Fly out, F8 (Flyball, 8RM) Runner from 3rd tags up, SCORES, throw by CF
|
|
Pinch Runner at 2nd Gary N Cooper:
|
|
|
Batting: LHB James Dyer
|
0-0: Ball 1-0: Called Strike 1-1: Foul Ball, location: 2F 1-2: Strikes out swinging
|
| Top of the 9th over - 2 runs, 2 hits, 1 error, 2 left on base; Ogden 9 - Idaho Falls 8 |
| BOTTOM OF THE 9TH |
|
Idaho Falls Spuds batting - Pitching for Ogden Spikes : RHP Luis Mendoza
|
|
Now at C: Juan Espino
|
|
|
Now at 1B: Phil Stephens
|
|
|
Now in LF: Anthony Nicely
|
|
|
Pinch Hitting: LHB Roger LaFrancois
|
0-0: SOLO HOME RUN (Flyball, 9D), Distance : 343 ft
|
|
Batting: LHB Culpepper Smith
|
0-0: Called Strike 0-1: Ball 1-1: Ground out 4-3 (Groundball, 4)
|
|
Batting: RHB Tony Walker
|
0-0: Ball 1-0: Fly out, F4 (Popup, 34D)
|
|
Pinch Hitting: RHB Bruce Benedict
|
0-0: Called Strike 0-1: Swinging Strike 0-2: Foul Ball, location: 2F 0-2: Ball 1-2: Ball 2-2: Ball 3-2: SINGLE (Groundball, 4MD)
|
|
Batting: RHB Mike Bishop
|
0-0: Called Strike 0-1: Ball 1-1: Foul Ball, location: 2F 1-2: DOUBLE (Line Drive, 78M) Bruce Benedict to third Runner from 3rd tries for Home, SAFE, throw by CF to home
|
 |
|
Thursday, January 24th, 2019 - OOTP Baseball 19.13 Build 132
|
|